 Dungeon Crawl Stone Soup version 0.28-b1-1-g3c77fb2ed1 (webtiles) character file.

Game seed: 14084096306075801292

373 croobank the Chopper (level 6, -3/57 HPs)
             Began as a Deep Dwarf Abyssal Knight on Jan 30, 2022.
             Was a Believer of Lugonu.
             Slain by an ogre (28 damage)
             ... on level 6 of the Dungeon.
             The game lasted 00:08:14 (2142 turns).

croobank the Chopper (Deep Dwarf Abyssal Knight)    Turns: 2142, Time: 00:08:14

Health: -3/57      AC:  3    Str: 17    XL:     6   Next: 43%
Magic:  0/7        EV: 12    Int: 10    God:    Lugonu [**....]
Gold:   118        SH:  0    Dex: 15    Spells: 5/5 levels left

rFire   . . .      SeeInvis .   e - +3 war axe (vamp)
rCold   . . .      Faith    .   (no shield)
rNeg    . . .      Spirit   +   b - +0 leather armour
rPois   .          Reflect  .   (no helmet)
rElec   .          Harm     .   (no cloak)
rCorr   .          Rampage  .   (no gloves)
Will    .....                   (no boots)
Stlth   ++........              c - amulet of guardian spirit
HPRegen 0.00/turn               (no ring)
MPRegen 0.10/turn               (no ring)

@: no status effects
A: damage resistance, heal wounds, sense surroundings 1, no regeneration
a: Heal Wounds, Renounce Religion, Depart the Abyss, Bend Space


You were on level 6 of the Dungeon.
You worshipped Lugonu.
Lugonu was pleased with you.
You visited 1 branch of the dungeon, and saw 4 of its levels.
You visited the Abyss 1 time.

You collected 118 gold pieces.

Inventory:

Hand Weapons
 a - a +1 hand axe
 e - a +3 vampiric war axe (weapon)
Missiles
 f - 31 bolts
 g - 82 stones
 k - 33 arrows
Armour
 b - a +0 leather armour (worn)
 j - a +0 plate armour
Jewellery
 c - an amulet of guardian spirit (around neck)
Wands
 l - a wand of mindburst (17)
Potions
 d - 2 potions of curing
 h - a potion of heal wounds {unknown}
 i - a potion of cancellation {unknown}


   Skills:
 + Level 4.0 Fighting
 + Level 5.6 Axes
 + Level 3.0 Armour
 + Level 2.2 Dodging
 + Level 1.9 Stealth
 + Level 2.6 Invocations


You had 5 spell levels left.
You didn't know any spells.
Your spell library was empty.

Dungeon Overview and Level Annotations

Branches:
Dungeon (3/15)

Altars:


Innate Abilities, Weirdness & Mutations

You are resistant to damage.
You can heal yourself by infusing magical energy.
You passively map a small area around you.
You do not regenerate.


Message History

You slash Grinder!
Grinder is severely wounded.
Grinder hits you!
You writhe in agony.
* * * LOW HITPOINT WARNING * * *
Grinder barely misses you.
You barely miss Grinder.
Grinder is severely wounded.
Grinder closely misses you.
You hit Grinder.
Grinder is severely wounded.
Grinder gestures at you. Pain shoots through your body!
* * * LOW HITPOINT WARNING * * *
You slash Grinder!
You kill Grinder!
Lugonu accepts your kill.
Your Fighting skill increases to level 4!
Your Axes skill increases to level 5!
Your Armour skill increases to level 3!
You have reached level 6!
You fail to use your ability.
g - 82 stones (gained 15)
You now have 118 gold pieces (gained 18).
A ball python comes into view.
Found a scroll labelled JEMEVE HOHIE.
A sourceless malevolence fills the Dungeon...
You fall into a shaft and drop 3 floors!
The shaft crumbles and collapses.
You hear the hiss of flowing sand.
There is an entrance to an ossuary on this level.
Hurry and find it before the portal is buried!
An ice beast comes into view.
Your magical essence is drained by the effort!
You feel much better.
An ogre comes into view. It is wielding a +0 giant club.
You hit the ogre.
You feel better.
The ogre is lightly wounded.
The ogre hits you with a +0 giant club!
You slash the ogre!
You feel better.
The ogre is almost dead.
The ogre hits you with a +0 giant club!!
You die...

, ** , , ###
** #.. , , *
#.## #.#* **
,,.....##.####
* *
,......O....#*
# , , ,
#@#*.#*.# * ,
,
,*,*#.##.##.#
#.......# , *,
###...### ,
,,*##.....## *
** * #.......#
,* ,,
*#.......### *
*, ,,
#.........#
##.....##.#


You could see an ogre.

Vanquished Creatures
  Grinder (D:3)
  A scorpion (D:3)
  Terence (D:3)
  4 gnolls (D:3)
  An adder (D:3)
  2 dart slugs
  A worm (D:2)
  An orc (D:3)
  4 ball pythons
  6 bats
  3 endoplasms (D:3)
  2 goblins
  9 hobgoblins
  3 jackals (D:1)
  3 kobolds
  A rat (D:3)
43 creatures vanquished.

Notes
Turn   | Place    | Note
-------+----------+-------------------------------------------
     0 | Abyss:1  | croobank the Deep Dwarf Abyssal Knight began the quest for
                  | the Orb.
     0 | Abyss:1  | Reached XP level 1. HP: 20/20 MP: 2/2
    38 | D:1      | Escaped the Abyss
   140 | D:1      | Reached XP level 2. HP: 25/28 MP: 0/4
  1087 | D:2      | Found a faded altar of an unknown god.
  1349 | D:2      | Reached XP level 3. HP: 22/34 MP: 0/5
  1728 | D:3      | Reached skill level 3 in Axes
  1730 | D:3      | Reached ** piety under Lugonu
  1787 | D:3      | Reached skill level 1 in Stealth
  1787 | D:3      | Reached XP level 4. HP: 37/42 MP: 0/6
  1816 | D:3      | Noticed Grinder
  1957 | D:3      | Noticed a scorpion
  1967 | D:3      | Killed a scorpion
  1968 | D:3      | Reached skill level 4 in Axes
  1968 | D:3      | Reached XP level 5. HP: 31/49 MP: 0/7
  2005 | D:3      | Noticed Terence
  2013 | D:3      | Killed Terence
  2077 | D:3      | Paralysed by Grinder for 7 turns
  2096 | D:3      | Killed Grinder
  2097 | D:3      | Reached skill level 5 in Axes
  2097 | D:3      | Reached XP level 6. HP: 15/57 MP: 0/8
  2130 | D:3      | You fall into a shaft and drop 3 floors!
  2130 | D:6      | Noticed an ice beast
  2142 | D:6      | Slain by an ogre

Illustrated notes

Levels and vault maps discovered:
D:1:      roderic_chinese_lattice_arrival, layout_basic, minmay_hedge_maze
D:2:      layout_basic, chequers_ecumenical_altar_island, interstate_on_off,
          small_statue_intersection, grunt_ministairs_9
D:3:      minmay_evil_eye, layout_rooms, minmay_misc_feat_enclosed,
          minmay_unequal, uniq_grinder, uniq_terence
D:6:      layout_loops_cross, lightli_ossuary_entry_decrepit_ruins,
          kennysheep_generic_room_8

Skill      XL: |  1  2  3  4  5 |
---------------+----------------+-----
Fighting       | 3 4 |  4.0
Axes           | 3 4 5 |  5.6
Stealth        | 1 |  1.9
Dodging        | 2 |  2.2
Armour         | 3 |  3.0
Invocations    | |  2.6

Action                   |  1- 3 |  4- 6 || total
-------------------------+-------+-------++-------
Melee: Hand axe          |    28 |       ||    28
       War axe           |    48 |    47 ||    95
 Abil: Heal Wounds       |       |     1 ||     1
  Use: Scroll            |       |     2 ||     2
       Potion            |       |     2 ||     2
 Stab: Sleeping          |     1 |       ||     1
Armor: Leather armour    |    33 |    13 ||    46
Dodge: Dodged            |    68 |    19 ||    87
